 Dungeon Crawl Stone Soup version 0.32-a0-814-g0968bab981 (webtiles) character file.

Game seed: 15455225200564251442

53 smashvw the Ducker (level 3, -1/30 HPs)
             Began as a Merfolk Monk on Mar 22, 2024.
             Slain by a goblin
             ... wielding a +0 club
             ... led by Robin
              (5 damage)
             ... on level 2 of the Dungeon.
             The game lasted 00:02:22 (766 turns).

smashvw the Ducker (Merfolk Monk)                    Turns: 766, Time: 00:02:22

Health: -1/30      AC:  2    Str: 11    XL:     3   Next: 87%
Magic:  3/3        EV: 13    Int:  9    God:
Gold:   29         SH:  0    Dex: 18    Spells: 2/2 levels left

rFire   . . .        a - +0 short sword
rCold   . . .        d - orb {light}
rNeg    . . .        b - +0 robe
rPois   .            (no helmet)
rElec   .            (no cloak)
rCorr   .            (no gloves)
SInv    .            (no boots)
Will    .....        (no amulet)
Stlth   +            (no ring)
HPRegen 0.25/turn    (no ring)
MPRegen 0.08/turn

%: no passive effects
@: glowing
A: (nimble swimmer 2), mertail
a: no special abilities


You were on level 2 of the Dungeon.
You visited 1 branch of the dungeon, and saw 2 of its levels.

You collected 29 gold pieces.

Inventory:

Hand Weapons
 a - a +0 short sword (weapon)
 e - a +0 dagger
 m - a +2 dagger of venom
Armour
 b - a +0 robe (worn)
 d - an orb of light (worn)
 k - a +0 plate armour
Scrolls
 f - a scroll of summoning {unknown}
 h - a scroll of fog {unknown}
 i - a scroll of fear {unknown}
 j - a scroll of identify {unknown}
 l - a scroll of noise {unknown}
Potions
 c - a potion of ambrosia
 g - a potion of curing {unknown}


   Skills:
 + Level 4.0 Fighting
 + Level 4.3 Short Blades
 + Level 4.8 Dodging


You had 2 spell levels left.
You didn't know any spells.
Your spell library was empty.

Dungeon Overview and Level Annotations

Branches:
Dungeon (2/15)

Altars:

Shops:
D:1 *??[*

Annotations:
D:2 1 runed translucent door, Crazy Yiuf


Innate Abilities, Weirdness & Mutations

((You are very nimble when in or above water. (Stealth+, EV+, Speed+++)))
Your lower body shifts to a powerful aquatic tail in water.


Message History

You kill the goblin!
You hit the goblin.
You kill the goblin!
You hit the goblin.
You kill the goblin!
Robin flexes a bicep menacingly.
Robin throws the goblin at you! The goblin closely misses you.
You hit Robin.
Robin is moderately wounded.
The goblin hits you with a +0 club. Robin closely misses you.
You hit Robin but do no damage.
Robin is moderately wounded.
The goblin hits you with a +0 club.
You hit Robin.
Robin is heavily wounded.
Robin hits you with a +0 club.
* * * LOW HITPOINT WARNING * * *
You hit Robin.
Robin is heavily wounded.
The goblin closely misses you. Robin barely misses you.
You hit Robin but do no damage.
Robin is heavily wounded.
The goblin misses you.
Robin roars a battlecry!
The goblin goes into a battle-frenzy!
You hit Robin.
Robin is severely wounded.
The goblin hits you but does no damage. Robin barely misses you.
You hit Robin but do no damage.
Robin is severely wounded.
You hit Robin.
You kill Robin!
The goblin hits you with a +0 club.
* * * LOW HITPOINT WARNING * * *
Your Fighting skill increases to level 4!
Items here: $ ))))))))) [[ †††.
m - a +2 dagger of venom The goblin hits you with a +0 club.
You die...

#.# #.# #.#
#.##### #.#...
#.#.# ### #
#.†.##).
#...#####†#.#
#...†g@..#
#...#.###.## #
# #.# ###.#
#...# #.#.#.#
#.....#######g
#####..)ggggg.
####.g..##


You could see a goblin (strong).

Vanquished Creatures
  Robin (D:2)
  A dart slug (D:1)
  2 giant cockroaches
  6 hobgoblins
  4 ball pythons (D:1)
  3 bats (D:1)
  10 goblins
  7 kobolds (D:1)
  6 rats
40 creatures vanquished.

Notes
Turn   | Place    | Note
-------+----------+-------------------------------------------
     0 | D:1      | smashvw the Merfolk Monk began the quest for the Orb.
     0 | D:1      | Reached XP level 1. HP: 18/18 MP: 1/1
    14 | D:1      | Found Lymm's Magic Scroll Shop.
   111 | D:1      | Reached XP level 2. HP: 24/24 MP: 2/2
   336 | D:1      | Found Faam's General Store.
   342 | D:1      | Reached XP level 3. HP: 26/30 MP: 3/3
   452 | D:1      | Found Feleakum's Assorted Antiques.
   531 | D:1      | Found Oskypp's Antique Armour Shop.
   569 | D:1      | Found Yzylyt's Magic Scroll Emporium.
   671 | D:2      | Found a runed translucent door.
   672 | D:2      | Noticed Crazy Yiuf
   714 | D:2      | Noticed Robin
   764 | D:2      | Killed Robin
   766 | D:2      | Slain by a goblin

Illustrated notes

Levels and vault maps discovered:
D:1:      minmay_arrival_shattered_statue, layout_basic, serial_shops,
          nicolae_shop_tiny_statue_garden, shop, nicolae_shop_rolling_square,
          nicolae_shop_real_fake_doors, shop, minmay_split_cup_large
D:2:      layout_loops_ring, basic_altar, guppyfry_early_orc_mine, uniq_robin,
          uniq_crazy_yiuf_cottage

Skill      XL: |  1  2  3 |
---------------+----------+-----
Short Blades   | 4 |  4.3
Fighting       | 4 |  4.0
Dodging        | |  4.8

Action                     || total
---------------------------++-------
  Melee: Short sword       ||   126
 Armour: Robe              ||    62
  Dodge: Dodged            ||    82

Table legend: (Time is in decaauts)
 A = Elapsed time spent in this place.
 B = Non-inter-level travel time spent in this place.
 C = Inter-level travel time spent in this place.
 D = Time resting spent in this place.
 E = Time spent auto-exploring this place.
 F = Levels seen in this place.
 G = Mean time per level.
                   A        B        C        D        E       F      G
               +--------+--------+--------+--------+--------+-----+--------+
         Total |    740 |    733 |      7 |      0 |    528 |   2 |  370.0 |
       Dungeon |    740 |    733 |      7 |      0 |    528 |   2 |  370.0 |
               +--------+--------+--------+--------+--------+-----+--------+

Top non-repeatable levels by time:
     D:1: 646 daAuts
     D:2: 93 daAuts
